 Dungeon Crawl Stone Soup version 0.29.1-15-g9cfb28693d (webtiles) character file.

Game seed: 7420405941642254011

22925 M4edhros the Unseen (level 13, -1/78 HPs)
             Began as an Octopode Chaos Knight on Mar 4, 2023.
             Was a Plaything of Xom.
             Slain by an azure jelly (9 damage)
             ... on level 14 of the Dungeon.
             The game lasted 00:20:04 (53300 turns).

M4edhros the Unseen (Octopode Chaos Knight)        Turns: 53300, Time: 00:20:05

Health: -1/78      AC: 12    Str: 16    XL:     13   Next: 3%
Magic:  22/22      EV: 17    Int: 20    God:    Xom [...*..]
Gold:   598        SH: 17    Dex: 18    Spells: 12/12 levels left

rFire   + + .      SeeInvis +   P - +5 mace (protect)
rCold   x . .      Faith    .   w - +2 buckler {AC+3}
rNeg    . . .      Spirit   .   A - +2 hood of the Assassin {Detection Stab+ Stlth++}
rPois   +          Reflect  +   N - amulet of Ysa Memew {Reflect Rampage Fragile rElec SH+5}
rElec   +          Harm     .   o - +6 ring of intelligence
rCorr   +          Rampage  +   H - ring "Qaurem" {rCorr MP+9 SInv Stlth+}
Will    ++...      Clarity  +   D - +6 ring of dexterity
Stlth   ++++++++++              y - ring of flight
HPRegen 1.03/turn               K - ring of willpower
MPRegen 0.18/turn               Y - +4 ring of protection
                                C - +4 ring of slaying
                                q - ring of fire

@: flying, unable to drink
A: almost no armour, amphibious, 8 rings, camouflage 1, gelatinous body 1,
(nimble swimmer 1), tentacles, antennae 1, iridescent scales 1, large bone
plates 1, clarity, clumsy 1, fire resistance 1, frail 2, strong-willed 1, poison
resistance, regeneration 1, strong 1, wild magic 1, inability to drink after
injury 2, MP-powered wands
a: Renounce Religion


You were on level 14 of the Dungeon.
You worshipped Xom.
You were a favourite toy of Xom.
You visited 1 branch of the dungeon, and saw 14 of its levels.
You also visited: Sewer and Bailey.

You collected 1768 gold pieces.
You spent 1170 gold pieces at shops.

Inventory:

Hand Weapons
 P - a +5 mace of protection (weapon)
Missiles
 p - 2 boomerangs of dispersal
 Z - 9 atropa-tipped darts
Armour
 k - the +0 hat of Privacy {rPois}
   (Xom gifted it to you in a sewer)

   rPois:     It protects you from poison.
 w - a +2 buckler of protection (worn)
 A - the +2 hood of the Assassin (worn) {Detection Stab+ Stlth++}
   (You acquired it on level 8 of the Dungeon)

   It allows the wearer to sense nearby creatures.
   It allows the wearer to make particularly effective stabbing attacks against
   helpless or unaware enemies with any weapon.
   Stlth:     It makes you much more stealthy.
Jewellery
 j - an amulet of magic regeneration
 o - a +6 ring of intelligence (left tentacle)
 q - a ring of fire (on tentacle)
 y - a ring of flight (on tentacle)
 C - a +4 ring of slaying (on tentacle)
 D - a +6 ring of dexterity (on tentacle)
 H - the ring "Qaurem" (right tentacle) {rCorr MP+9 SInv Stlth+}
   (Xom gifted it to you on level 3 of the Dungeon)

   [ring of magical power]

   MP:        It affects your magic capacity (+9).
   SInv:      It lets you see invisible.
   rCorr:     It protects you from acid and corrosion.
   Stlth:     It makes you more stealthy.
 I - a +6 ring of intelligence
 K - a ring of willpower (on tentacle)
 N - the amulet of Ysa Memew (around mantle) {Reflect Rampage Fragile rElec SH+5}
   (Xom gifted it to you on level 5 of the Dungeon)

   [amulet of reflection]

   It reflects blocked missile attacks.
   rElec:     It insulates you from electricity.
   Fragile:   It will be destroyed if unequipped.
   SH:        It affects your SH (+5).
   Rampage:   It bestows one free step when moving towards enemies.
 O - an amulet of regeneration
 Y - a +4 ring of protection (on tentacle)
Wands
 m - a wand of digging (5)
 u - a wand of mindburst (3)
 x - a wand of paralysis (19)
 E - a wand of flame (43)
 J - a wand of iceblast (13)
Scrolls
 a - a scroll of poison
 c - 10 scrolls of teleportation
 d - a scroll of magic mapping
 f - 15 scrolls of identify
 i - 2 scrolls of vulnerability {unknown}
 l - 3 scrolls of torment {unknown}
 t - 2 scrolls of blinking
 L - a scroll of enchant weapon
 M - 2 scrolls of amnesia
 Q - 4 scrolls of fog {unknown}
 W - 2 scrolls of immolation {unknown}
Potions
 e - 8 potions of heal wounds {unknown}
 g - 2 potions of invisibility {unknown}
 h - 2 potions of haste
 n - 3 potions of curing {unknown}
 r - 3 potions of attraction {unknown}
 s - 2 potions of flight {unknown}
 v - 8 potions of ambrosia
 z - 4 potions of mutation {unknown}
 B - 2 potions of lignification {unknown}
 F - 5 potions of degeneration {unknown}
 G - 2 potions of berserk rage {unknown}
 R - 2 potions of brilliance {unknown}
 T - a potion of might {unknown}
 U - 3 potions of magic {unknown}
 V - 2 potions of resistance
Miscellaneous
 b - a piece from Xom's chessboard (15/15) (quivered)
 S - a phial of floods


   Skills:
 - Level 12.6 Fighting
 - Level 11.0 Maces & Flails
 + Level 7.5 Dodging
 - Level 16.2 Stealth
 - Level 6.0 Shields


You had 12 spell levels left.
You didn't know any spells.
Your spell library contained the following spells:

 Spells                   Type           Power      Damage    Failure   Level
 Apportation              Tloc           0%         N/A       32%         1
 Foxfire                  Conj/Fire      0%         2x1d4     32%         1
 Freeze                   Ice            0%         1d3       32%         1
 Shock                    Conj/Air       0%         1d3       32%         1
 Ensorcelled Hibernation  Hex/Ice        0%         N/A       45%         2
 Passwall                 Tmut/Erth      0%         N/A       45%         2
 Conjure Flame            Conj/Fire      0%         6-21      67%         3
 Frozen Ramparts          Ice            0%         1d1       67%         3
 Gell's Gravitas          Tloc           0%         N/A       67%         3
 Inner Flame              Hex/Fire       0%         N/A       67%         3
 Ozocubu's Armour         Ice            0%         N/A       67%         3
 Portal Projectile        Hex/Tloc       0%         N/A       67%         3
 Swiftness                Air            0%         N/A       67%         3
 Teleport Other           Tloc           0%         N/A       67%         3
 Tukima's Dance           Hex            0%         N/A       67%         3
 Airstrike                Air            0%         2d(0-16)  96%         4
 Anguish                  Hex/Necr       0%         N/A       96%         4
 Flame Wave               Conj/Fire      0%         2d4       96%         4
 Hailstorm                Conj/Ice       0%         3d3       96%         4
 Passage of Golubria      Tloc           0%         N/A       96%         4
 Alistair's Intoxication  Tmut/Pois      0%         N/A       100%        5
 Blade Hands              Tmut           0%         N/A       100%        5
 Fireball                 Conj/Fire      0%         3d3       100%        5
 Iskenderun's Battlesphe  Conj           0%         2d6       100%        5
 Yara's Violent Unravell  Hex/Tmut       0%         3d3       100%        5
 Conjure Ball Lightning   Conj/Air       0%         3x3d6     100%        6
 Dispersal                Tloc           0%         N/A       100%        6
 Enfeeble                 Hex            0%         N/A       100%        7
 Orb of Destruction       Conj           0%         9d5       100%        7
 Ozocubu's Refrigeration  Ice            0%         4d7       100%        7
 Borgnjor's Revivificati  Necr           0%         N/A       100%        8
 Necromutation            Tmut/Necr      0%         N/A       100%        8
 Death's Door             Necr           0%         N/A       100%        9


Dungeon Overview and Level Annotations

Branches:
Dungeon (14/15)            Temple (0/1) D:5            Lair (0/5) D:10
    Orc (0/2) D:9           Sewer (visited)          Bailey (visited)
 Vaults: D:13-14

Altars:
Ashenzari
Sif Muna
Trog
Uskayaw
Vehumet
Xom
Zin

Shops:
D:5 (   D:8 =:(?!   D:10 !


Innate Abilities, Weirdness & Mutations

You cannot wear most types of armour.
You are amphibious.
You can wear up to eight rings at the same time.
Your skin changes colour to match your surroundings (Stealth+).
Your rubbery body absorbs attacks. (AC +1, EV +1)
((You are camouflaged when in or above water. (Stealth+)))
You have tentacles for arms and can constrict up to eight enemies at once.
You have a pair of small antennae on your head.
You are partially covered in iridescent scales. (AC +2)
You are partially covered in large bone plates. (SH +4)
You possess an exceptional clarity of mind.
You are clumsy. (Dex -2)
Your flesh is heat resistant. (rF+)
You are very frail. (-20% HP)
You are strong-willed. (Will+)
Your system is resistant to poisons. (rPois)
Your natural rate of healing is unusually fast.
Your muscles are strong. (Str +4, Int/Dex -1)
Your spells are a little harder to cast, but a little more powerful.
You sometimes lose the ability to drink potions when taking damage.
You expend magic power (3 MP) to strengthen your wands.


Message History

You squeeze the manticore!
The manticore is moderately wounded.
The manticore bites you. The manticore closely misses you.
The manticore misses you.
You thump the manticore! You squeeze the manticore.
The manticore is heavily wounded.
The manticore barely misses you. You block the manticore's attack. x2
You hit the manticore.
The manticore is severely wounded.
You block the manticore's attack. x2
The manticore claws you but does no damage.
The catoblepas bellows!
You sock the manticore!
You tentacle-slap the manticore, but do no damage.
Your squeeze misses the manticore.
The manticore is almost dead.
You hit the manticore. You squeeze the manticore.
You kill the manticore!
The catoblepas breathes a plume of calcifying dust at you.
The blast of calcifying dust hits you but does no damage.
No target in view!
No target in view!
The catoblepas breathes a plume of calcifying dust at you.
The blast of calcifying dust hits you but does no damage.
You hear Xom's avuncular chuckle.
The catoblepas evaporates and reforms as an azure jelly!
The azure jelly is engulfed in calcifying dust.
The azure jelly is moving more slowly.
There is an open door here.
You rampage towards the manticore!
The azure jelly hits you! The azure jelly freezes you!!!
You feel a terrible chill!
Xom is amused.
Ouch! That really hurt!
* * * LOW HITPOINT WARNING * * *
The azure jelly splashes around in the water.
The azure jelly closely misses you. The azure jelly hits you!
You feel threatened and lose the ability to drink potions!
You die...
Xom bursts into laughter!

..... ##### #####... ..
#...## ##...#..# #.#
#.$~~###~~$.#..# #.#
#.~..≈.≈..~.#..# #.#
##~.......~##..# #.#
##≈.~~~.≈##...# #.###
+..~<~@.'....######..).
#≈.~~J.≈##.............
#~H§.....~##............
#.~..§.≈..~.#............
#.[~~###~§$.#............
#.Y.##.##...#............
#####...#####.....#####).
...............# ###
..............#


You could see an azure jelly (petrifying), a catoblepas (wandering) and a
manticore (wandering).

Vanquished Creatures
  Gastronok (D:10)
  2 hydras
  3 two-headed ogres
  A boulder beetle (D:13)
  A centaur warrior (D:14)
  Pikel (D:7)
  An orc knight (D:13)
  2 deep elf pyromancers (D:13)
  A manticore (D:14)
  A cyclops (D:11)
  A moth of wrath (D:12)
  A gargoyle (Bailey)
  3 kobold demonologists (D:10)
  A komodo dragon (D:11)
  2 efreet (D:13)
  A queen bee (D:9)
  A meliai (shapeshifter) (D:13)
  A merfolk (D:12)
  3 meliai (D:13)
  4 hornets
  7 slime creatures (D:12)
  4 trolls
  13 yaks
  A vampire (Bailey)
  A wraith (D:11)
  A shadow (D:12)
  A wyvern (D:8)
  2 steam dragons
  4 vampire mosquitoes (D:10)
  A warg (D:13)
  An acid dragon (D:8)
  4 water moccasins
  3 orc warriors (D:13)
  2 black bears (D:6)
  2 centaurs
  4 ogres
  A lemure (D:7)
  4 kobold brigands
  A necrophage (D:7)
  3 bullfrogs
  A scorpion (D:6)
  6 wights
  40 killer bees
  9 vampire bats (Bailey)
  4 wolf zombies (Bailey)
  7 jellies
  4 orc priests
  5 hounds
  A gnoll bouda (D:8)
  Ijyb (D:3)
  7 orc wizards
  5 gnolls (D:8)
  8 adders
  A river rat (Sewer)
  An ufetubus (D:6)
  8 worms
  A dart slug (D:4)
  26 orcs
  11 endoplasms
  2 giant cockroaches
  13 goblins
  3 hobgoblins
  7 iguanas
  8 jackals
  19 kobolds
  4 quokkas
  11 ball pythons
  4 bats
  3 frilled lizards
  19 orc zombies (Bailey)
  9 rats
340 creatures vanquished.

Vanquished Creatures (collateral kills)
  A killer bee (D:9)
  A worm (D:2)
2 creatures vanquished.

Vanquished Creatures (others)
  A quokka zombie (D:3)
1 creature vanquished.

Grand Total: 343 creatures vanquished

Notes
Turn   | Place    | Note
-------+----------+-------------------------------------------
     0 | D:1      | M4edhros the Octopode Chaos Knight began the quest for the
                  | Orb.
     0 | D:1      | Reached XP level 1. HP: 16/16 MP: 1/1
   112 | D:3      | Reached XP level 2. HP: 19/21 MP: 2/2
   156 | D:3      | Found a glowing drain.
   169 | D:3      | XOM: silly message
   190 | Sewer    | Entered a sewer
   284 | Sewer    | XOM: silly message
   374 | Sewer    | Reached XP level 3. HP: 26/26 MP: 3/3
   554 | Sewer    | Found a viscous altar of Jiyva.
   557 | Sewer    | Reached XP level 4. HP: 38/38 MP: 4/4
   559 | Sewer    | XOM: silly message
   576 | Sewer    | XOM: summons friendly ufetubus
   634 | Sewer    | Reached XP level 5. HP: 22/43 MP: 5/5
   641 | Sewer    | XOM: enchant monster (good)
  1031 | Sewer    | XOM: scenery: summon butterflies
  1502 | Sewer    | XOM: scenery: create altars
  1841 | Sewer    | XOM: noise
  2072 | Sewer    | XOM: god gift: dagger {god gift}
  2908 | Sewer    | XOM: cloud trail
  3338 | Sewer    | XOM is BORED!
  3391 | Sewer    | XOM: torment (23/43 hp)
  3538 | Sewer    | XOM: god gift: robe {god gift}
  4129 | Sewer    | XOM: give mutations
  4129 | Sewer    | Gained mutation: You are robust. (+10% HP) [Xom's grace]
  4129 | Sewer    | Gained mutation: One of your tentacles bears a spike.
                  | [Xom's grace]
  4129 | Sewer    | Gained mutation: You are strong-willed. (Will+) [Xom's
                  | grace]
  4151 | Sewer    | XOM: god gift: scroll labelled DUAVAO TEUFUEDGH {god gift}
  4937 | Sewer    | Identified the +0 hat of Privacy {rPois} (Xom gifted it to
                  | you in a sewer)
  4937 | Sewer    | XOM: god gift: +0 hat of Privacy {rPois}
  5181 | Sewer    | Glimpsed the power of Zot.
  5681 | Sewer    | Glimpsed the power of Zot.
  5719 | D:3      | XOM: scenery: summon butterflies
  5810 | D:1      | XOM: god gift: 2 boomerangs of dispersal
  6079 | D:1      | Found a faded altar of an unknown god.
  6090 | D:1      | XOM: divination: detect items
  6773 | D:1      | XOM: divination: magic mapping
  6845 | D:1      | XOM is BORED!
  6845 | D:1      | XOM: give mutations
  6845 | D:1      | Gained mutation: You are clumsy. (Dex -2) [Xom's mischief]
  6845 | D:1      | Gained mutation: Your system is resistant to poisons.
                  | (rPois) [Xom's mischief]
  6845 | D:1      | Gained mutation: You are dopey. (Int -2) [Xom's mischief]
  7476 | D:1      | XOM: give mutations
  7476 | D:1      | Gained mutation: You are very robust. (+20% HP) [Xom's
                  | grace]
  7476 | D:1      | Gained mutation: Your flesh is heat resistant. (rF+) [Xom's
                  | grace]
  7476 | D:1      | Gained mutation: You are extremely robust. (+30% HP) [Xom's
                  | grace]
  7476 | D:1      | Gained mutation: You possess an exceptional clarity of
                  | mind. [Xom's grace]
  7504 | D:1      | XOM: silly message
  7693 | D:1      | XOM: give mutations
  7693 | D:1      | Lost mutation: You possess an exceptional clarity of mind.
                  | [Xom's mischief]
  7693 | D:1      | Lost mutation: Your flesh is heat resistant. (rF+) [Xom's
                  | mischief]
  7693 | D:1      | Lost mutation: You are extremely robust. (+30% HP) [Xom's
                  | mischief]
  7693 | D:1      | Lost mutation: You are very robust. (+20% HP) [Xom's
                  | mischief]
  7798 | D:1      | XOM: god gift: staff of cold
  7856 | D:1      | XOM: give mutations
  7856 | D:1      | Lost mutation: Your system is resistant to poisons. (rPois)
                  | [Xom's mischief]
  7856 | D:1      | Gained mutation: You occasionally shout uncontrollably at
                  | your foes. [Xom's mischief]
  7856 | D:1      | Lost mutation: You are strong-willed. (Will+) [Xom's
                  | mischief]
  7856 | D:1      | Lost mutation: You are robust. (+10% HP) [Xom's mischief]
  7945 | D:1      | XOM: give mutations
  7945 | D:1      | Gained mutation: You are strong-willed. (Will+) [Xom's
                  | grace]
  7945 | D:1      | Gained mutation: Your system is resistant to poisons.
                  | (rPois) [Xom's grace]
  7996 | D:1      | XOM: scenery: create altars
  8315 | D:1      | XOM: give mutation
  8315 | D:1      | Gained mutation: You are highly strong-willed. (Will++)
                  | [Xom's grace]
  8784 | D:1      | XOM: scenery: create altars
  9030 | D:1      | XOM: god gift: leather armour {god gift}
  9074 | D:1      | XOM: god gift: +2 buckler of protection
  9317 | D:1      | XOM: divination: detect items
  9472 | D:1      | XOM: stat loss: -1 Int (17/18)
 10074 | D:1      | XOM: give mutation
 10074 | D:1      | Gained mutation: You expend magic power (3 MP) to
                  | strengthen your wands. [Xom's grace]
 10417 | D:1      | XOM: god gift: runed copper wand {god gift}
 10574 | D:1      | XOM: give mutations
 10574 | D:1      | Lost mutation: Your system is resistant to poisons. (rPois)
                  | [Xom's mischief]
 10574 | D:1      | Gained mutation: Your body sometimes deteriorates upon
                  | taking damage. [Xom's mischief]
 10574 | D:1      | Gained mutation: You frequently scream uncontrollably at
                  | your foes. [Xom's mischief]
 10574 | D:1      | Lost mutation: You expend magic power (3 MP) to strengthen
                  | your wands. [Xom's mischief]
 10695 | D:1      | XOM: god gift: glowing amethyst potion {god gift}
 11048 | D:1      | XOM: give mutations
 11048 | D:1      | Gained mutation: You are robust. (+10% HP) [Xom's grace]
 11048 | D:1      | Gained mutation: You have supernaturally acute eyesight.
                  | (SInv) [Xom's grace]
 11101 | D:1      | XOM: summons 3 hostile demons
 11161 | D:1      | XOM: god gift: scroll of teleportation
 11498 | D:1      | XOM: god gift: 36 gold pieces
 11507 | D:1      | XOM: silly message
 11753 | D:1      | XOM is BORED!
 13532 | D:1      | XOM: silly message
 14077 | D:1      | XOM: divination: detect items
 14214 | D:1      | XOM: cloud trail
 15022 | D:1      | XOM: noise
 16738 | D:1      | XOM is BORED!
 16738 | D:1      | XOM: give mutations
 16738 | D:1      | Lost mutation: You frequently scream uncontrollably at your
                  | foes. [Xom's mischief]
 16738 | D:1      | Lost mutation: One of your tentacles bears a spike. [Xom's
                  | mischief]
 17106 | D:1      | XOM: summons 2 hostile shadow creatures
 17137 | D:2      | Reached XP level 6. HP: 53/53 MP: 6/6
 17149 | D:2      | XOM: 2-stop teleportation journey
 17394 | D:2      | XOM: silly message
 17809 | D:2      | XOM: silly message
 19001 | D:2      | XOM: god gift: quarterstaff {god gift}
 19733 | D:2      | XOM: give mutation
 19733 | D:2      | Gained mutation: You are partially covered in iridescent
                  | scales. (AC +2) [Xom's grace]
 20237 | D:2      | XOM: give mutations
 20237 | D:2      | Gained mutation: You possess an exceptional clarity of
                  | mind. [Xom's grace]
 20237 | D:2      | Gained mutation: You are mostly covered in iridescent
                  | scales. (AC +4) [Xom's grace]
 20237 | D:2      | Gained mutation: You have an increased reservoir of magic.
                  | (+10% MP) [Xom's grace]
 20263 | D:2      | XOM: god gift: boomerang
 20990 | D:2      | XOM: give mutation
 20990 | D:2      | Lost mutation: You are dopey. (Int -2) [Xom's grace]
 21068 | D:2      | XOM: stat loss: -1 Int (18/20)
 21626 | D:2      | XOM is BORED!
 21626 | D:2      | XOM: noise
 21887 | D:2      | XOM: god gift: puce potion {god gift}
 22024 | D:2      | XOM: draining
 22079 | D:2      | XOM: silly message
 22481 | D:2      | Glimpsed the power of Zot.
 22518 | D:3      | Reached skill level 1 in Shields
 22661 | D:3      | Noticed Ijyb
 22662 | D:3      | XOM: divination: magic mapping
 22671 | D:3      | Killed Ijyb
 22808 | D:3      | Found a shimmering altar of Xom.
 22865 | D:3      | XOM: give mutation
 22865 | D:3      | Lost mutation: You are mostly covered in iridescent scales.
                  | (AC +4) [Xom's mischief]
 23011 | D:3      | XOM is BORED!
 23011 | D:3      | XOM: give mutations
 23011 | D:3      | Lost mutation: You have an increased reservoir of magic.
                  | (+10% MP) [Xom's mischief]
 23011 | D:3      | Lost mutation: You possess an exceptional clarity of mind.
                  | [Xom's mischief]
 23011 | D:3      | Gained mutation: You frequently scream uncontrollably at
                  | your foes. [Xom's mischief]
 23201 | D:3      | XOM: torment (26/49 hp)
 23638 | D:3      | XOM: cloud trail
 23929 | D:3      | XOM: cloud trail
 24084 | D:3      | XOM: give mutation
 24084 | D:3      | Gained mutation: You occasionally lose the ability to read
                  | scrolls when taking damage. [Xom's mischief]
 24317 | D:3      | XOM: give mutation
 24317 | D:3      | Gained mutation: You passively map a small area around you.
                  | [Xom's mischief]
 24902 | D:3      | XOM: give mutation
 24902 | D:3      | Lost mutation: You are partially covered in iridescent
                  | scales. (AC +2) [Xom's mischief]
 25806 | D:3      | XOM: god gift: scroll of teleportation
 26375 | D:3      | Identified the ring "Qaurem" {rCorr MP+9 SInv Stlth+} (Xom
                  | gifted it to you on level 3 of the Dungeon)
 26375 | D:3      | XOM: god gift: ring "Qaurem" {rCorr MP+9 SInv Stlth+}
 27184 | D:3      | XOM: scenery: summon butterflies
 27963 | D:3      | XOM: god gift: book of Air
 28147 | D:3      | XOM: cloud trail
 28262 | D:3      | XOM is BORED!
 28262 | D:3      | XOM: give mutations
 28262 | D:3      | Lost mutation: You are robust. (+10% HP) [Xom's mischief]
 28262 | D:3      | Lost mutation: You frequently scream uncontrollably at your
                  | foes. [Xom's mischief]
 28262 | D:3      | Gained mutation: You sometimes lose the ability to read
                  | scrolls when taking damage. [Xom's mischief]
 28262 | D:3      | Gained mutation: You occasionally lose the ability to drink
                  | potions when taking damage. [Xom's mischief]
 28481 | D:3      | Glimpsed the power of Zot.
 28498 | D:4      | Reached XP level 7. HP: 48/52 MP: 7/7
 28581 | D:4      | Found a radiant altar of Vehumet.
 28681 | D:4      | XOM: enchant monster (good)
 28976 | D:4      | Glimpsed the power of Zot.
 29079 | D:4      | XOM: give mutations
 29079 | D:4      | Gained mutation: A frigid envelope surrounds you and
                  | freezes all who hurt you. [Xom's grace]
 29079 | D:4      | Gained mutation: You possess an exceptional clarity of
                  | mind. [Xom's grace]
 29079 | D:4      | Gained mutation: Your spells are a little harder to cast,
                  | but a little more powerful. [Xom's grace]
 29079 | D:4      | Gained mutation: Your muscles are strong. (Str +4, Int/Dex
                  | -1) [Xom's grace]
 29206 | D:5      | Entered Level 5 of the Dungeon
 29242 | D:5      | XOM: cloud trail
 29280 | D:5      | XOM: potion effect (curing)
 29285 | D:5      | XOM: snakes to sticks
 29310 | D:5      | Found Qisipo's Antique Weapon Shoppe.
 29423 | D:5      | Found a broken altar of Ashenzari.
 29462 | D:5      | XOM: god gift: scroll labelled TIUNTU JOTEPYO {god gift}
 29554 | D:5      | Identified the amulet of Ysa Memew {Reflect Rampage Fragile
                  | rElec SH+5} (Xom gifted it to you on level 5 of the
                  | Dungeon)
 29554 | D:5      | XOM: god gift: amulet of Ysa Memew {Reflect Rampage Fragile
                  | rElec SH+5}
 29590 | D:5      | Found a staircase to the Ecumenical Temple.
 29599 | D:5      | Reached XP level 8. HP: 60/60 MP: 8/8
 29629 | D:5      | Reached skill level 5 in Shields
 29799 | D:6      | XOM: 2-stop teleportation journey
 29903 | D:6      | Found a glowing silver altar of Zin.
 30006 | D:6      | XOM: divination: detect items
 30243 | D:6      | XOM: summons friendly white imp
 30280 | D:6      | XOM: 1-stop teleportation journey
 30477 | D:6      | Found a shimmering blue altar of Sif Muna.
 30543 | D:6      | XOM: cloud trail
 30566 | D:6      | Found a bloodstained altar of Trog.
 30740 | D:6      | Reached XP level 9. HP: 64/64 MP: 9/9
 31283 | D:7      | Found a flagged portal.
 31307 | D:7      | Noticed Pikel
 31315 | D:7      | Killed Pikel
 31327 | D:7      | XOM: confuse monster(s)
 31401 | Bailey   | Entered a bailey
 31475 | Bailey   | Noticed a gargoyle
 31486 | Bailey   | Killed a gargoyle
 31487 | Bailey   | Reached skill level 10 in Maces & Flails
 31508 | Bailey   | XOM: enchant monster (good)
 31526 | Bailey   | Identified the +1 ring mail "Osisch" {rF+ Regen+ Dex-3}
 31564 | Bailey   | Reached XP level 10. HP: 71/71 MP: 10/10
 31898 | Bailey   | XOM: give mutations
 31898 | Bailey   | Lost mutation: You are clumsy. (Dex -2) [Xom's mischief]
 31898 | Bailey   | Lost mutation: You have supernaturally acute eyesight.
                  | (SInv) [Xom's mischief]
 31980 | D:7      | XOM: give mutations
 31980 | D:7      | Lost mutation: You occasionally lose the ability to drink
                  | potions when taking damage. [Xom's mischief]
 31980 | D:7      | Gained mutation: You are dopey. (Int -2) [Xom's mischief]
 31980 | D:7      | Lost mutation: You are highly strong-willed. (Will++)
                  | [Xom's mischief]
 32183 | D:7      | XOM: enchant monster (bad)
 32297 | D:7      | XOM: silly message
 32370 | D:7      | XOM: draining
 33948 | D:7      | XOM: stat loss: -1 Dex (19/20)
 34186 | D:7      | XOM: summons 2 hostile demons
 34360 | D:7      | XOM: give mutations
 34360 | D:7      | Lost mutation: You passively map a small area around you.
                  | [Xom's mischief]
 34360 | D:7      | Gained mutation: You occasionally lose the ability to drink
                  | potions when taking damage. [Xom's mischief]
 34360 | D:7      | Gained mutation: You sometimes lose the ability to drink
                  | potions when taking damage. [Xom's mischief]
 34360 | D:7      | Lost mutation: You occasionally shout uncontrollably at
                  | your foes. [Xom's mischief]
 34815 | D:7      | XOM: silly message
 35220 | D:7      | XOM: give mutations
 35220 | D:7      | Lost mutation: You sometimes lose the ability to drink
                  | potions when taking damage. [Xom's mischief]
 35220 | D:7      | Lost mutation: A frigid envelope surrounds you and freezes
                  | all who hurt you. [Xom's mischief]
 35220 | D:7      | Lost mutation: You sometimes lose the ability to read
                  | scrolls when taking damage. [Xom's mischief]
 35220 | D:7      | Gained mutation: You have very sharp teeth. [Xom's
                  | mischief]
 35392 | D:7      | XOM is BORED!
 35392 | D:7      | XOM: give mutations
 35392 | D:7      | Lost mutation: You have very sharp teeth. [Xom's mischief]
 35392 | D:7      | Lost mutation: Your spells are a little harder to cast, but
                  | a little more powerful. [Xom's mischief]
 35392 | D:7      | Gained mutation: You sometimes lose the ability to drink
                  | potions when taking damage. [Xom's mischief]
 35797 | D:7      | XOM: give mutations
 35797 | D:7      | Lost mutation: Your muscles are strong. (Str +4, Int/Dex
                  | -1) [Xom's mischief]
 35797 | D:7      | Gained mutation: You are weak. (Str -2) [Xom's mischief]
 35954 | D:7      | XOM: give mutation
 35954 | D:7      | Gained mutation: You passively dampen the noise of your
                  | surroundings. [Xom's grace]
 36890 | D:7      | XOM: cloud trail
 37353 | D:7      | XOM: cloud trail
 37489 | D:7      | XOM: silly message
 37936 | D:7      | XOM: noise
 38091 | D:7      | XOM: stat loss: -1 Dex (19/21)
 38147 | D:7      | XOM is BORED!
 38147 | D:7      | XOM: summons 4 hostile demons
 38209 | D:7      | XOM: summons 4 hostile demons
 38501 | D:7      | XOM: summons 6 hostile demons
 40051 | D:7      | XOM: cloud trail
 40108 | D:7      | XOM: give mutation
 40108 | D:7      | Gained mutation: You are very weak. (Str -4) [Xom's
                  | mischief]
 40150 | D:7      | XOM: god gift: potion of haste
 40360 | D:7      | XOM: summons 1 hostile demon
 41054 | D:7      | XOM: give mutation
 41054 | D:7      | Lost mutation: You possess an exceptional clarity of mind.
                  | [Xom's mischief]
 41103 | D:7      | XOM: scenery: create altars
 41405 | D:7      | XOM: give mutations
 41405 | D:7      | Gained mutation: You are clumsy. (Dex -2) [Xom's mischief]
 41405 | D:7      | Lost mutation: Your body sometimes deteriorates upon taking
                  | damage. [Xom's mischief]
 41405 | D:7      | Lost mutation: You passively dampen the noise of your
                  | surroundings. [Xom's mischief]
 41682 | D:7      | XOM: noise
 41929 | D:7      | XOM: summons 3 hostile shadow creatures
 42341 | D:7      | XOM: noise
 42439 | D:7      | XOM: give mutations
 42439 | D:7      | Lost mutation: You are very weak. (Str -4) [Xom's mischief]
 42439 | D:7      | Lost mutation: You are weak. (Str -2) [Xom's mischief]
 42439 | D:7      | Lost mutation: You occasionally lose the ability to read
                  | scrolls when taking damage. [Xom's mischief]
 43329 | D:7      | XOM: cloud trail
 44020 | D:7      | XOM: silly message
 44150 | D:7      | XOM is BORED!
 44150 | D:7      | XOM: noise
 44520 | D:7      | XOM: cloud trail
 44591 | D:7      | XOM: give mutation
 44591 | D:7      | Gained mutation: You are frail. (-10% HP) [Xom's mischief]
 44811 | D:7      | XOM is BORED!
 44811 | D:7      | XOM: give mutation
 44811 | D:7      | Gained mutation: You are very frail. (-20% HP) [Xom's
                  | mischief]
 47027 | D:7      | Glimpsed the power of Zot.
 47092 | D:8      | XOM: butterfly on damage
 47093 | D:8      | HP: 1/44 [something (3)]
 47139 | D:8      | XOM: 2-stop teleportation journey
 47446 | D:8      | XOM: enchant monster (good)
 47517 | D:8      | XOM: confusion (+ monsters)
 47662 | D:8      | XOM: cloud trail
 47685 | D:8      | Found the +2 ratskin cloak {*Rats rPois rN+ Str-1 Int-1
                  | Dex+1}
 47685 | D:8      | XOM: 4-stop teleportation journey
 47686 | D:8      | You are sucked into a shaft and drop 2 floors!
 47686 | D:10     | Entered Level 10 of the Dungeon
 47748 | D:10     | Found a staircase to the Lair.
 47772 | D:10     | Identified the +3 mace of Jikudig {vorpal, rPois}
 47941 | D:9      | XOM: noise
 47945 | D:9      | XOM: cast spell 'Death Channel'
 47951 | D:9      | XOM: scenery: 3 doors open, 1 doors close
 47955 | D:9      | XOM: 2-stop teleportation journey
 48088 | D:9      | XOM: fog
 48092 | D:9      | XOM: scenery: 1 doors open
 48107 | D:9      | XOM: chaos cloud
 48179 | D:9      | XOM: 4-stop teleportation journey
 48232 | D:9      | XOM: confuse monster(s)
 48237 | D:9      | Reached skill level 10 in Fighting
 48251 | D:9      | XOM: scenery: 1 doors close
 48276 | D:9      | XOM: enchant monster (good)
 48286 | D:9      | XOM: summons 1 friendly demon
 48301 | D:9      | Reached XP level 11. HP: 49/65 MP: 11/11
 48669 | D:9      | Found a staircase to the Orcish Mines.
 48694 | D:9      | XOM: summons 4 friendly demons
 48917 | D:9      | XOM: summons friendly ufetubus
 48960 | D:9      | XOM: divination: detect creatures
 48966 | D:9      | XOM: enchant monster (good)
 48971 | D:9      | XOM: fake destruction
 49363 | D:8      | XOM: smoke on damage
 49467 | D:8      | Found Aluyts's Jewellery Shoppe.
 49468 | D:8      | XOM: god gift: 970 gold pieces
 49511 | D:8      | Identified a scroll of acquirement
 49511 | D:8      | Acquired the +2 hood of the Assassin {Detection Stab+
                  | Stlth++}
 49511 | D:8      | Found the +2 hood of the Assassin {Detection Stab+ Stlth++}
 49523 | D:8      | Bought a +4 ring of slaying for 1170 gold pieces
 49624 | D:8      | Found Cereerhi's Magic Scroll Emporium.
 49816 | D:8      | Found Cilivilo's Distillery.
 49969 | D:8      | XOM: stat loss: -1 Str (11/12)
 50004 | D:8      | Found Kanavvawod's Book Shop.
 50021 | D:8      | Found Lunwax's Antique Weapon Emporium.
 50292 | D:10     | Noticed a two-headed ogre
 50296 | D:10     | XOM: summons 4 friendly demons
 50300 | D:10     | Killed a two-headed ogre
 50321 | D:10     | XOM: give mutations
 50321 | D:10     | Gained mutation: Your natural rate of healing is unusually
                  | fast. [Xom's grace]
 50321 | D:10     | Gained mutation: You possess an exceptional clarity of
                  | mind. [Xom's grace]
 50321 | D:10     | Gained mutation: You expend magic power (3 MP) to
                  | strengthen your wands. [Xom's grace]
 50321 | D:10     | Lost mutation: You are dopey. (Int -2) [Xom's grace]
 50409 | D:10     | Reached skill level 1 in Stealth
 50410 | D:10     | Reached skill level 2 in Stealth
 50417 | D:10     | Reached skill level 3 in Stealth
 50434 | D:10     | Found Suqoeme's Distillery.
 50458 | D:10     | Reached skill level 4 in Stealth
 50466 | D:10     | XOM: cleaving
 50467 | D:10     | Reached skill level 5 in Stealth
 50475 | D:10     | Reached skill level 6 in Stealth
 50907 | D:10     | XOM: scenery: summon butterflies
 51047 | D:10     | Noticed Gastronok
 51058 | D:10     | XOM: scenery: summon butterflies
 51063 | D:10     | Killed Gastronok
 51064 | D:10     | Reached skill level 8 in Stealth
 51064 | D:10     | Reached XP level 12. HP: 72/73 MP: 12/12
 51069 | D:10     | Noticed a two-headed ogre
 51071 | D:10     | Killed a two-headed ogre
 51072 | D:10     | Reached skill level 9 in Stealth
 51084 | D:10     | XOM: scenery: summon butterflies
 51151 | D:10     | XOM: god gift: 5 stones
 51325 | D:11     | XOM: stealth player
 51340 | D:11     | XOM: cast spell 'Leda's Liquefaction'
 51380 | D:11     | XOM: give mutations
 51380 | D:11     | Gained mutation: Your flesh is heat resistant. (rF+) [Xom's
                  | grace]
 51380 | D:11     | Gained mutation: You have a pair of small antennae on your
                  | head. [Xom's grace]
 51380 | D:11     | Gained mutation: Your spells are a little harder to cast,
                  | but a little more powerful. [Xom's grace]
 51404 | D:11     | Noticed a +0 spear
 51405 | D:11     | Noticed a +0 short sword
 51405 | D:11     | Noticed a +0 short sword
 51405 | D:11     | Noticed an eight-headed hydra
 51405 | D:11     | Noticed a +0 dagger
 51405 | D:11     | Noticed a +0 dagger
 51405 | D:11     | Noticed a +0 spear
 51406 | D:11     | Found a hide-covered altar of Uskayaw.
 51408 | D:11     | Killed an eight-headed hydra
 51409 | D:11     | Reached skill level 10 in Stealth
 51659 | D:11     | XOM: divination: magic mapping
 51698 | D:11     | XOM: stat loss: -1 Str (11/12)
 51913 | D:12     | XOM: stealth player
 51947 | D:12     | Noticed a two-headed ogre
 51952 | D:12     | XOM: give mutations
 51952 | D:12     | Gained mutation: You are partially covered in iridescent
                  | scales. (AC +2) [Xom's grace]
 51952 | D:12     | Gained mutation: Your muscles are strong. (Str +4, Int/Dex
                  | -1) [Xom's grace]
 51952 | D:12     | Gained mutation: Your system is resistant to poisons.
                  | (rPois) [Xom's grace]
 51952 | D:12     | Gained mutation: You are partially covered in large bone
                  | plates. (SH +4) [Xom's grace]
 51955 | D:12     | XOM: summons friendly ufetubus
 51959 | D:12     | Killed a two-headed ogre
 51960 | D:12     | Reached skill level 11 in Stealth
 52070 | D:12     | XOM: summons friendly iron imp
 52117 | D:12     | XOM: god gift: 3 atropa-tipped darts
 52143 | D:12     | XOM: polymorph large slime creature -> merfolk
 52145 | D:12     | XOM: 8-stop teleportation journey
 52207 | D:12     | Reached skill level 12 in Stealth
 52358 | D:12     | XOM: cloud trail
 52443 | D:12     | Reached skill level 13 in Stealth
 52455 | D:12     | XOM: god gift: 58 gold pieces
 52702 | D:13     | XOM: scenery: summon butterflies
 52772 | D:13     | Noticed a boulder beetle
 52780 | D:13     | XOM: divine lightning
 52783 | D:13     | Killed a boulder beetle
 52861 | D:13     | XOM: 4-stop teleportation journey
 52886 | D:13     | Reached skill level 14 in Stealth
 52886 | D:13     | XOM: scenery: summon butterflies
 52896 | D:13     | XOM: confuse monster(s)
 52977 | D:13     | Reached skill level 15 in Stealth
 53020 | D:13     | Noticed a five-headed hydra
 53031 | D:13     | XOM: fog
 53037 | D:13     | Killed a five-headed hydra
 53226 | D:14     | Noticed a catoblepas
 53226 | D:14     | Noticed a catoblepas
 53231 | D:14     | XOM: scenery: summon butterflies
 53256 | D:14     | Noticed a centaur warrior
 53263 | D:14     | Killed a centaur warrior
 53264 | D:14     | Reached skill level 16 in Stealth
 53264 | D:14     | Reached XP level 13. HP: 78/78 MP: 13/13
 53296 | D:14     | Noticed an azure jelly
 53296 | D:14     | a catoblepas changed into an azure jelly
 53296 | D:14     | XOM: polymorph catoblepas -> azure jelly
 53300 | D:14     | Slain by an azure jelly

Illustrated notes

Levels and vault maps discovered:
D:1:      shiori_arrival_elements, layout_basic,
          hellmonk_ecumenical_altar_prayer_group, kennysheep_minor_cross,
          nicolae_figureground_pulse
D:2:      layout_loops_ring, minmay_misc_feat_cross
D:3:      layout_rooms, dk_xom_monty_hall, cheibrodos_sewer_entry_sluice,
          uniq_ijyb
D:4:      layout_loops_cross, vehumet_altar_wand_db, kennysheep_generic_room_11
D:5:      layout_rooms, nicolae_ashenzari_skybound,
          minmay_temple_entry_gardened_gates, nrook_mini_vaults,
          nicolae_take_the_stairs, corexii_hall_statues_u
D:6:      layout_basic, zin_academy, lemuel_coloured_pillars_altar,
          overflow_temple_1_default
D:7:      layout_loops_ring, enter_bailey_8, glass_columns_b, uniq_pikel
D:8:      layout_basic, serial_shops, nicolae_shop_crystal,
          kennysheep_little_box, nicolae_square_shop, nicolae_shop_statue_plus,
          nicolae_shop_hallway_stairs, minmay_misc_feat_enclosed,
          grunt_ministairs_7
D:9:      layout_roguey [special_room_bee], orc_0_dummy, item_on_display_a
D:10:     layout_layer_cave, lair_entry_dummy, serial_shops, shop,
          uniq_gastronok
D:11:     layout_loops_ring, nicolae_uskayaw_en_pointe
D:12:     layout_loops_ring, due_unseen_surprise
D:13:     layout_rooms
D:14:     nzn_motion_control, layout_irregular_city, erik_vaults_2,
          chequers_serial_rivers_micro_a, tgw_lugonu_bribe

Skill      XL: |  1  2  3  4  5  6  7  8  9 10 11 12 |
---------------+-------------------------------------+-----
Dodging        | 3 6 7 |  7.5
Fighting       | 7 10 12 | 12.6
Maces & Flails | 6 8 10 11 | 11.0
Shields        | 2 4 6 |  6.0
Stealth        | 8 16 | 16.2

Action                   |  1- 3 |  4- 6 |  7- 9 | 10-12 | 13-15 || total
-------------------------+-------+-------+-------+-------+-------++-------
Melee: Mace              |    44 |   125 |   190 |   666 |     5 ||  1030
       Tentacles         |     5 |    26 |    52 |   202 |     3 ||   288
       Constrict         |    10 |    27 |    49 |   121 |       ||   207
       Punch             |     1 |     1 |     1 |    10 |     1 ||    14
       Kick              |       |    13 |       |       |       ||    13
Evoke: Piece from Xom's  |       |     7 |       |       |       ||     7
       Wand              |       |       |       |     1 |       ||     1
       Phial of floods   |       |       |       |     1 |       ||     1
  Use: Potion            |     1 |     2 |       |     1 |       ||     4
       Scroll            |       |     3 |     1 |    13 |       ||    17
 Stab: Sleeping          |     5 |    11 |    20 |    34 |       ||    70
       Petrified         |       |     9 |    11 |       |       ||    20
       Distracted        |       |     1 |       |     3 |       ||     4
       Petrifying        |       |       |     2 |       |       ||     2
       Confused          |       |       |     1 |     2 |       ||     3
       Paralysed         |       |       |       |     9 |       ||     9
Armor: Skin              |     1 |    11 |    22 |   125 |     4 ||   163
Dodge: Dodged            |    36 |    70 |    88 |   368 |     4 ||   566
Block: Buckler           |       |    21 |    75 |   461 |     5 ||   562
       Reflection        |       |       |       |     4 |       ||     4
